 Dungeon Crawl Stone Soup version 0.22-a0-447-gee5f723 (webtiles) character file.

1006 VajrapaniREALTIME the Chopper (level 8, -5/63 HPs)
             Began as a Formicid Fighter on June 3, 2018.
             Was an Initiate of Okawaru.
             Slain by a two-headed ogre
             ... wielding a +0 giant spiked club
              (9 damage)
             ... on level 6 of the Dungeon.
             The game lasted 00:06:48 (20312 turns).

VajrapaniREALTIME the Chopper (Formicid Fighter)   Turns: 20312, Time: 00:06:48

Health: -5/63      AC: 12    Str: 23    XL:     8   Next: 44%
Magic:  8/8        EV:  5    Int:  8    God:    Okawaru [......]
Gold:   116        SH: 10    Dex: 10    Spells: 7/7 levels left

rFire    . . .     SeeInvis +   a - +0 war axe
rCold    . . .     Gourm    .   c - +0 shield
rNeg     . . .     Faith    .   m - +0 plate armour
rPois    .         Spirit   .   (helmet unavailable)
rElec    .         Reflect  .   (no cloak)
rCorr    .         Harm     .   (no gloves)
MR       .....                  (no boots)
Stlth    ..........             (no amulet)
HPRegen  0.20/turn              h - ring of teleportation
MPRegen  0.11/turn              (no ring)

@: no status effects
A: permanent stasis, dig shafts and tunnels, four strong arms, antennae 3
a: Dig, Shaft Self, Renounce Religion


You were on level 6 of the Dungeon.
You worshipped Okawaru.
Okawaru was noncommittal.
You were not hungry.

You visited 2 branches of the dungeon, and saw 7 of its levels.

You collected 116 gold pieces.

Inventory:

Hand Weapons
 a - a +0 war axe (weapon)
Armour
 b - a +0 scale mail
 c - a +0 shield (worn)
 m - a +0 plate armour (worn)
Jewellery
 h - a ring of teleportation (left hand)
Wands
 q - a wand of iceblast (10)
 s - a wand of enslavement (11)
Scrolls
 i - a scroll of enchant armour {unknown}
 k - a scroll of remove curse
 n - 2 scrolls of fear {unknown}
 o - a scroll of amnesia {unknown}
 p - 2 scrolls of identify {unknown}
 r - a scroll of enchant weapon {unknown}
Potions
 d - a potion of mutation {unknown}
 e - a potion of agility {unknown}
 g - a potion of haste
 j - a potion of invisibility {unknown}
 l - 4 potions of curing {unknown}
 t - a potion of degeneration {unknown}
Comestibles
 f - 4 rations
 u - a chunk of flesh


   Skills:
 + Level 5.5 Fighting
 * Level 6.1 Axes
 + Level 5.6 Armour
 + Level 6.1 Shields


You had 7 spell levels left.
You didn't know any spells.
Your spell library was empty.

Dungeon Overview and Level Annotations

Branches:
Dungeon (6/15)             Temple (1/1) D:4

Altars:
Ashenzari
Dithmenos
Elyvilon
Fedhas
Gozag
Hepliaklqana
Kikubaaqudgha
Nemelex Xobeh
Okawaru
Qazlal
Ru
Trog
Wu Jian
Xom
Yredelemnul
The Shining One


Innate Abilities, Weirdness & Mutations

You cannot be hasted, slowed, berserked, paralysed or teleported.
You can dig through walls and to a lower floor.
Your four strong arms can wield two-handed weapons with a shield.
You have a pair of large antennae on your head. (SInv)


Message History

You block the two-headed ogre's attack.
The two-headed ogre hits you but does no damage.
You slash the two-headed ogre!
The two-headed ogre is heavily wounded.
The two-headed ogre hits you with a giant spiked club!
You block the two-headed ogre's attack.
You are too injured to fight recklessly!
You are too injured to fight recklessly!
You hit the two-headed ogre.
The two-headed ogre is severely wounded.
The two-headed ogre hits you with a giant spiked club!!
* * * LOW HITPOINT WARNING * * *
The two-headed ogre hits you with a dire flail.
* * * LOW HITPOINT WARNING * * *
You are too injured to fight recklessly!
You hit the two-headed ogre.
The two-headed ogre is severely wounded.
You block the two-headed ogre's attack.
The two-headed ogre hits you with a dire flail!
You die...

########### #####
#.........# #....
#.#######.# #.... #.#
#.#
###....##.#######.###
..........>..O@.....#
.......##.#######.#.#
###.!...........#.#.#
......#.#.........#.#
####..#...##...##.#.#
#..#...#.....#...# ..
.....[._......#
.#.###..#.....#...#
.......##...##.#.#####


You could see a two-headed ogre.

Vanquished Creatures
  Edmund (D:6)
  Duvessa (D:4)
  An orc warrior (D:4)
  An ogre (D:4)
  Dowan (D:4)
  3 orc priests
  2 hounds (D:4)
  4 orc wizards
  Jessica (D:2)
  4 worker ants
  3 adders
  3 oozes
  4 worms
  2 dart slugs
  2 leopard geckos
  29 orcs
  A ball python (D:2)
  3 giant cockroaches
  7 hobgoblins
  2 jackals (D:5)
  3 quokkas
  3 bats
  6 frilled lizards
  5 goblins
  11 kobolds
  A leopard gecko zombie (D:5)
  A quokka skeleton (D:4)
  9 rats
114 creatures vanquished.

Notes
Turn   | Place    | Note
-------+----------+-------------------------------------------
     0 | D:1      | VajrapaniREALTIME the Formicid Fighter began the quest for the Orb.
     0 | D:1      | Reached XP level 1. HP: 18/18 MP: 1/1
   131 | D:1      | Reached XP level 2. HP: 24/24 MP: 2/2
  1730 | D:1      | Reached XP level 3. HP: 29/29 MP: 3/3
  5951 | D:2      | Noticed Jessica
  5956 | D:2      | Killed Jessica
  5956 | D:2      | Reached XP level 4. HP: 25/37 MP: 4/4
  7232 | D:3      | Found a sparkling altar of Nemelex Xobeh.
  7234 | D:3      | Reached XP level 5. HP: 42/42 MP: 5/5
  9135 | D:3      | Found a sacrificial altar of Ru.
  9824 | D:3      | Reached XP level 6. HP: 38/48 MP: 6/6
 12243 | D:3      | Found a blossoming altar of Fedhas.
 13054 | D:4      | Noticed an ogre
 13066 | D:4      | Killed an ogre
 13066 | D:4      | Reached skill level 5 in Shields
 13066 | D:4      | Reached XP level 7. HP: 53/55 MP: 7/7
 13377 | D:4      | Found a shadowy altar of Dithmenos.
 13865 | D:4      | Found a staircase to the Ecumenical Temple.
 14049 | Temple   | Entered the Ecumenical Temple
 15181 | Temple   | Became a worshipper of Warmaster Okawaru
 15304 | D:4      | Noticed Duvessa
 15306 | D:4      | Noticed Dowan
 15329 | D:4      | Killed Duvessa
 15329 | D:4      | Reached skill level 5 in Axes
 15351 | D:4      | Killed Dowan
 15351 | D:4      | Reached skill level 5 in Fighting
 15351 | D:4      | Reached skill level 5 in Armour
 16424 | D:5      | Entered Level 5 of the Dungeon
 16427 | D:5      | Reached XP level 8. HP: 51/62 MP: 8/8
 16444 | D:5      | Found a sparkling altar of Nemelex Xobeh.
 18699 | D:5      | Found a basalt altar of Yredelemnul.
 18809 | D:5      | Noticed a profane servitor
 18820 | D:5      | Found a glowing golden altar of the Shining One.
 19384 | D:6      | Noticed Edmund
 19429 | D:6      | Killed Edmund
 19809 | D:6      | Found an iron altar of Okawaru.
 20296 | D:6      | Noticed a two-headed ogre
 20312 | D:6      | Slain by a two-headed ogre

Vault maps used:
D:1:      nagdon_arrival_double_spiral, minivault_5, hangedman_feature_mirror,
          palyth_stone_intersect, minivault_27, hangedman_decor_diamond_cutter,
          minmay_strange_pillars
D:2:      minmay_misc_feat_square, minmay_parallelograms, uniq_jessica
D:3:      nemelex_xobeh_ov_fountains_minmay, fedhas_altar_2,
          lemuel_crystal_altar
D:4:      nicolae_dithmenos_shadow_blocks, minmay_temple_entry_statues_pillars,
          first_ration, uniq_crazy_yiuf_cottage, uniq_duvessa
D:5:      grunt_temple_overflow_holy_war, vehumet_statue, basic_altar,
          led_sif_pool
D:6:      overflow_temple_1_default, okawaru_gym_becter, uniq_edmund,
          uniq_sigmund, uniq_menkaure
Temple:   eino_temple_lava

Skill      XL: |  1  2  3  4  5  6  7  8 |
---------------+-------------------------+-----
Shields        | 4 5 6 |  6.1
Axes           | 3 4 5 6 |  6.1
Fighting       | 4 5 |  5.5
Armour         | 4 5 |  5.6

Action                   |  1- 3 |  4- 6 |  7- 9 || total
-------------------------+-------+-------+-------++-------
Melee: War axe           |   111 |   158 |   170 ||   439
  Use: Scroll            |     2 |     1 |       ||     3
       Potion            |       |       |     2 ||     2
  Eat: Chunk             |    11 |    18 |    14 ||    43
       Ration            |     1 |     1 |     3 ||     5
Armor: Scale mail        |    32 |    57 |    41 ||   130
       Plate armour      |       |       |    52 ||    52
Dodge: Dodged            |    25 |    56 |    33 ||   114
Block: Shield            |    53 |   101 |    89 ||   243

Table legend:
 A = Spawn XP
 B = Non-spawn XP
 C = Spawn XP percentage of total XP
 D = Spawn monster count
 E = Non-spawn monster count
 F = Spawn count percentage of total count
 G = Total turns spent on level
                    A         B        C        D         E        F      G
               +---------+---------+-------+---------+---------+-------+---------
         Total |       0 |    1438 |   0.0 |       0 |     114 |   0.0 | 20312
               +---------+---------+-------+---------+---------+-------+---------
           D:1 |       0 |      48 |   0.0 |       0 |      25 |   0.0 |  3893
           D:2 |       0 |      76 |   0.0 |       0 |      14 |   0.0 |  2922
           D:3 |       0 |     202 |   0.0 |       0 |      40 |   0.0 |  5460
           D:4 |       0 |     680 |   0.0 |       0 |      15 |   0.0 |  3007
           D:5 |       0 |     231 |   0.0 |       0 |      18 |   0.0 |  2940
           D:6 |       0 |     201 |   0.0 |       0 |       2 |   0.0 |   948
               +---------+---------+-------+---------+---------+-------+---------
